Map: Opérations galactiques EC

Players

Atayti - Winner!

  • Race: Protoss Protoss

IA (élite)

  • Race: Protoss Protoss

VOD

Have the link to the VOD?

Description

Time

  • Played on: July 15, 2016, 5:22 a.m.
  • Length: 15:27
Show
View Real Time Build Order
Export as new Build Order

Atayti Protoss - Winner!

Build Orders: 1 Gate Expand 

Get SALT Encoding   

  12  0:02  Probe (Chrono Boost)  
  13  0:12  Probe (Chrono Boost)  
  14  0:17  Pylon  
  14  0:23  Probe (Chrono Boost)  
  16  0:35  Probe (Chrono Boost)  
  16  0:39  Gateway  
  16  0:46  Probe (Chrono Boost)  
  17  0:57  Probe (Chrono Boost)  
  18  0:59  Assimilator  
  18  1:08  Probe (Chrono Boost)  
  19  1:19  Probe (Chrono Boost)  
  20  1:30  Nexus  
  20  1:37  Cybernetics Core  
  21  1:40  Probe (Chrono Boost)  
  21  1:48  Pylon  
  21  1:56  Probe (Chrono Boost)  
  21  1:58  Pylon  
  22  2:06  Probe (Chrono Boost), Assimilator  
  22  2:15  Stalker  
  22  2:17  Warp Gate  
  22  2:21  Probe (Chrono Boost)  
  25  2:35  Probe (Chrono Boost)  
  26  2:47  Probe (Chrono Boost)  
  26  2:50  Probe (Chrono Boost)  
  28  2:51  Gateway  
  28  2:53  Gateway  
  28  3:02  Stalker  
  28  3:03  Probe x2 (Chrono Boost)  
  32  3:13  Probe (Chrono Boost)  
  32  3:14  Probe (Chrono Boost)  
  34  3:24  Probe (Chrono Boost)  
  34  3:25  Mothership Core (Chrono Boost)  
  37  3:31  Assimilator  
  37  3:35  Probe (Chrono Boost)  
  37  3:37  Twilight Council  
  37  3:39  Assimilator  
  38  3:43  Probe (Chrono Boost)  
  38  3:45  Probe (Chrono Boost)  
  40  3:50  Stalker x2  
  34  3:55  Stalker  
  44  3:58  Probe (Chrono Boost)  
  44  4:00  Blink, Probe (Chrono Boost)  
  48  4:08  Probe (Chrono Boost)  
  49  4:12  Probe (Chrono Boost)  
  49  4:14  Pylon  
  50  4:26  Pylon  
  50  4:30  Probe (Chrono Boost)  
  52  4:32  Probe (Chrono Boost)  
  52  4:41  Probe (Chrono Boost)  
  52  4:44  Probe (Chrono Boost)  
  54  4:52  Sentry, Probe (Chrono Boost)  
  55  4:53  Sentry  
  55  4:54  Nexus  
  55  4:55  Sentry  
  55  4:56  Probe (Chrono Boost)  
  62  5:13  Forge  
  62  5:15  Forge  
  62  5:17  Pylon  
  62  5:18  Stalker  
  62  5:19  Stalker  
  66  5:23  Stalker  
  66  5:26  Probe (Chrono Boost)  
  70  5:29  Probe (Chrono Boost)  
  70  5:37  Probe (Chrono Boost)  
  70  5:41  Probe (Chrono Boost)  
  72  5:46  Pylon  
  72  5:48  Probe (Chrono Boost), Protoss Ground Weapons Level 1  
  73  5:50  Pylon  
  73  5:52  Protoss Ground Armor Level 1, Gateway  
  73  5:53  Probe (Chrono Boost)  
  73  5:56  Stalker  
  76  6:00  Stalker  
  76  6:03  Charge  
  78  6:06  Stalker  
  80  6:24  Gateway  
  80  6:28  Gateway  
  80  6:32  Pylon, Stalker x2  
  84  6:33  Stalker  
  86  6:42  Probe x2 (Chrono Boost)  
  86  6:43  Probe (Chrono Boost)  
  89  6:47  Zealot  
  89  6:52  Probe (Chrono Boost)  
  89  6:53  Probe (Chrono Boost)  
  94  6:56  Probe (Chrono Boost)  
  94  7:01  Pylon  
  94  7:03  Probe x2 (Chrono Boost)  
  94  7:04  Pylon  
  94  7:05  Pylon  
  94  7:08  Pylon, Probe (Chrono Boost)  
  97  7:13  Probe (Chrono Boost)  
  97  7:14  Probe (Chrono Boost)  
  99  7:17  Sentry  
  99  7:18  Sentry x3  
  99  7:20  Probe (Chrono Boost)  
  108  7:24  Probe x2 (Chrono Boost)  
  110  7:31  Zealot x2  
  110  7:32  Probe (Chrono Boost)  
  115  7:38  Gateway  
  115  7:41  Gateway  
  115  7:45  Assimilator  
  115  7:46  Protoss Ground Weapons Level 2  
  115  7:47  Protoss Ground Armor Level 2  
  115  7:50  Pylon, Assimilator  
  115  7:51  Pylon  
  115  7:52  Stalker x3  
  115  7:54  Pylon  
  89  8:27  Stalker x3  
  89  8:28  Stalker x2  
  89  8:29  Stalker  
  87  8:41  Zealot x2  
  87  8:44  Probe x2 (Chrono Boost)  
  87  8:45  Probe (Chrono Boost)  
  94  8:54  Probe (Chrono Boost)  
  94  8:55  Probe (Chrono Boost)  
  96  8:58  Gateway, Probe (Chrono Boost)  
  96  9:00  Gateway  
  97  9:03  Gateway  
  97  9:04  Gateway  
  97  9:05  Zealot x4  
  97  9:06  Gateway, Zealot x3  
  97  9:07  Zealot  
  113  9:22  Nexus  
  109  9:41  Stalker x3  
  109  9:44  Stalker x3  
  109  9:45  Stalker x2  
  115  9:53  Templar Archives  
  113  10:07  Protoss Ground Weapons Level 3, Protoss Ground Armor Level 3  
  113  10:10  Stalker x2  
  113  10:11  Stalker x2  
  113  10:12  Stalker x2  
  113  10:13  Stalker  
  127  10:14  Stalker x3  
  127  10:15  Stalker  
  127  10:16  Stalker  
  127  10:17  Stalker  
  139  10:26  Probe (Chrono Boost)  
  139  10:27  Probe (Chrono Boost)  
  139  10:28  Probe (Chrono Boost)  
  136  10:37  Probe x2 (Chrono Boost)  
  136  10:40  Probe (Chrono Boost)  
  121  10:47  Probe (Chrono Boost)  
  121  10:48  Probe (Chrono Boost)  
  123  10:51  High Templar x2  
  123  10:52  Probe (Chrono Boost), High Templar x4  
  123  10:53  Pylon  
  123  10:54  High Templar  
  123  10:55  Pylon, Zealot, High Templar  
  123  10:56  Zealot x2  
  146  10:57  Pylon, Zealot  
  146  10:58  Zealot, Probe (Chrono Boost)  
  146  10:59  Assimilator  
  146  11:00  Archon x3  
  146  11:01  Assimilator  
  146  11:02  Archon  
  151  11:20  Probe x2 (Chrono Boost)  
  151  11:21  Probe x2 (Chrono Boost)  
  151  11:22  High Templar x2  
  151  11:23  Zealot x2  
  151  11:24  Zealot x2  
  151  11:25  Zealot x3  
  171  11:26  Zealot  
  171  11:28  Archon  
  171  11:31  High Templar  
  171  11:32  High Templar  
  179  11:33  Zealot  
  179  11:37  Archon  
  181  11:51  Zealot x2  
  181  11:52  Zealot x5  
  181  11:53  Zealot  
  171  12:12  High Templar x2  
  171  12:13  High Templar x2  
  171  12:14  Zealot  
  171  12:15  Zealot x5  
  183  12:16  Zealot x2  
  183  12:17  Zealot  
  183  12:19  Archon  
  183  12:20  Archon  
  171  12:42  Nexus  
  171  12:44  Zealot x5, Protoss Shields Level 1  
  173  12:45  Zealot x4  
  173  12:47  High Templar x2  
  173  12:49  High Templar  
  173  12:50  High Templar  
  181  12:53  Archon  
  181  12:54  Archon  
  171  13:17  Zealot x5  
  171  13:18  Zealot x4  
  185  13:24  Gateway  
  177  13:27  Gateway x2  
  177  13:31  Gateway  
  177  13:33  Gateway  
  177  13:36  Gateway  
  177  13:37  Pylon  
  177  13:41  High Templar x3  
  173  13:42  Pylon  
  173  13:43  High Templar  
  173  13:45  High Templar  
  173  13:47  High Templar  
  181  13:49  Stalker x2  
  181  13:50  Stalker x2  
  181  13:52  Archon  
  181  13:53  Archon x2  
  185  13:56  Stalker  
  185  13:57  Stalker  
  171  14:35  High Templar x4  
  171  14:36  Assimilator  
  171  14:37  High Templar x2  
  181  14:38  Zealot  
  181  14:39  Zealot x2  
  181  14:40  Zealot, Assimilator  
  181  14:42  Archon x2, Nexus  
  181  14:43  Pylon, Archon  
  181  14:45  Pylon  
  187  14:47  Photon Cannon, Pylon  
  187  14:50  Pylon  
  187  14:51  Photon Cannon  
  181  14:56  Photon Cannon  
  175  15:10  Pylon  
  175  15:13  Pylon  
Show
View Real Time Build Order
Export as new Build Order

IA (élite) Protoss 

Build Orders: Colossus Rush 

Get SALT Encoding   

  12  0:01  Probe (Chrono Boost)  
  13  0:11  Probe (Chrono Boost)  
  14  0:20  Pylon  
  14  0:22  Probe (Chrono Boost)  
  15  0:38  Probe (Chrono Boost)  
  16  0:47  Assimilator  
  16  0:48  Probe (Chrono Boost)  
  17  0:50  Gateway  
  17  0:59  Pylon, Probe (Chrono Boost)  
  18  1:09  Probe (Chrono Boost)  
  19  1:20  Probe (Chrono Boost)  
  20  1:31  Probe (Chrono Boost)  
  21  1:34  Zealot  
  23  1:40  Cybernetics Core  
  23  1:42  Probe (Chrono Boost)  
  24  1:54  Probe (Chrono Boost)  
  25  2:02  Nexus  
  25  2:05  Probe (Chrono Boost)  
  26  2:12  Warp Gate  
  27  2:16  Probe (Chrono Boost)  
  27  2:17  Stalker  
  29  2:28  Probe (Chrono Boost)  
  30  2:31  Pylon  
  30  2:39  Probe (Chrono Boost)  
  30  2:42  Gateway  
  31  2:46  Assimilator  
  31  2:50  Probe (Chrono Boost)  
  32  2:52  Adept  
  34  3:02  Probe (Chrono Boost)  
  34  3:03  Pylon  
  35  3:14  Probe (Chrono Boost)  
  35  3:15  Probe (Chrono Boost)  
  35  3:18  Adept  
  38  3:25  Probe (Chrono Boost)  
  38  3:26  Probe (Chrono Boost)  
  40  3:34  Robotics Facility  
  40  3:35  Adept  
  40  3:40  Probe (Chrono Boost)  
  44  3:42  Probe (Chrono Boost)  
  44  3:43  Adept  
  46  3:52  Probe (Chrono Boost)  
  46  3:54  Probe (Chrono Boost)  
  48  4:02  Adept  
  49  4:03  Probe (Chrono Boost)  
  49  4:05  Probe (Chrono Boost)  
  52  4:14  Probe (Chrono Boost)  
  52  4:16  Probe (Chrono Boost)  
  54  4:18  Adept  
  56  4:25  Observer  
  56  4:26  Pylon, Probe (Chrono Boost)  
  56  4:27  Probe (Chrono Boost)  
  56  4:28  Robotics Bay  
  59  4:35  Robotics Facility  
  59  4:38  Probe (Chrono Boost)  
  60  4:43  Pylon  
  60  4:44  Stalker  
  62  4:48  Stalker  
  64  4:53  Probe (Chrono Boost)  
  64  4:54  Pylon  
  64  4:55  Probe (Chrono Boost)  
  66  5:17  Gateway  
  66  5:21  Colossus  
  66  5:24  Zealot  
  66  5:27  Pylon, Zealot  
  76  5:37  Pylon  
  76  5:42  Zealot  
  78  5:46  Probe x2 (Chrono Boost), Stalker  
  78  5:47  Assimilator  
  82  5:56  Twilight Council  
  82  5:59  Assimilator  
  82  6:02  Zealot  
  84  6:10  Probe (Chrono Boost)  
  84  6:11  Probe (Chrono Boost)  
  86  6:21  Forge, Nexus  
  86  6:22  Probe (Chrono Boost)  
  87  6:37  Dark Shrine  
  87  6:40  Sentry  
  87  6:41  Pylon  
  87  6:44  Pylon, Stalker  
  91  6:50  Stalker  
  93  7:01  Stalker  
  93  7:03  Photon Cannon  
  93  7:06  Stalker  
  97  7:10  Forge  
  97  7:11  Sentry  
  97  7:13  Photon Cannon  
  99  7:18  Protoss Ground Weapons Level 1  
  99  7:27  Photon Cannon  
  99  7:30  Gateway  
  99  7:35  Probe x3 (Chrono Boost)  
  102  7:39  Protoss Ground Armor Level 1  
  102  7:42  Assimilator  
  102  7:44  Pylon, Stalker  
  102  7:45  Probe (Chrono Boost)  
  102  7:47  Probe (Chrono Boost)  
  102  7:48  Assimilator, Probe (Chrono Boost), Stalker  
  102  7:51  Dark Templar  
  111  7:57  Probe (Chrono Boost)  
  111  7:58  Probe (Chrono Boost)  
  114  7:59  Probe (Chrono Boost)  
  114  8:05  Stalker  
  114  8:09  Probe (Chrono Boost), Stalker  
  114  8:10  Probe (Chrono Boost)  
  114  8:11  Probe (Chrono Boost)  
  100  8:21  Photon Cannon, Probe x2 (Chrono Boost), Stalker  
  100  8:22  Probe (Chrono Boost)  
  100  8:24  Stalker, Nexus  
  102  8:27  Stalker  
  102  8:32  Dark Templar, Probe (Chrono Boost)  
  102  8:33  Probe (Chrono Boost)  
  102  8:34  Probe (Chrono Boost)  
  103  8:38  Archon  
  103  8:43  Sentry, Immortal  
  103  8:44  Probe (Chrono Boost)  
  103  8:46  Dark Templar  
  112  8:49  Dark Templar  
  112  8:54  Immortal  
  114  9:02  Pylon  
  118  9:03  Sentry, Stalker  
  118  9:04  Archon  
  122  9:18  Dark Templar  
  122  9:19  Dark Templar  
  126  9:26  Pylon  
  126  9:27  Immortal  
  126  9:31  Zealot, Stalker  
  132  9:32  Archon  
  132  9:33  Photon Cannon  
  132  9:34  Photon Cannon  
  134  9:46  Nexus  
  134  9:49  Sentry  
  130  9:53  Dark Templar  
  130  9:59  Dark Templar, Probe (Chrono Boost)  
  123  10:05  Archon  
  123  10:12  Assimilator  
  123  10:14  Dark Templar  
  125  10:18  Assimilator  
  125  10:27  Dark Templar  
  127  10:39  Sentry  
  127  10:40  Pylon  
  127  10:42  Stalker  
  131  10:43  Archon  
  131  10:50  Dark Templar  
  131  10:52  Nexus  
  133  10:58  Dark Templar  
  133  11:01  Stalker  
  133  11:02  Photon Cannon  
  137  11:04  Stalker  
  137  11:05  Pylon  
  137  11:11  Warp Prism  
  139  11:13  Archon  
  141  11:19  Dark Templar  
  141  11:21  Dark Templar  
  141  11:25  Stalker  
  147  11:26  Photon Cannon  
  147  11:28  Photon Cannon  
  147  11:29  Sentry  
  149  11:36  Warp Prism  
  151  11:44  Gateway  
  151  11:46  Immortal  
  151  11:47  Zealot  
  151  11:49  Zealot  
  151  11:50  Zealot  
  151  11:51  Stalker  
  141  11:56  Pylon  
  131  12:06  Zealot  
  131  12:07  Adept  
  129  12:09  Stalker  
  129  12:13  Zealot  
  109  12:24  Stalker  
  109  12:25  Immortal  
  109  12:26  Stalker  
  111  12:30  Sentry  
  111  12:31  Stalker  
  99  12:38  Sentry  
  93  12:45  Zealot  
  93  12:47  Stalker  
  93  12:48  Stalker  
  89  12:51  Stalker  
  89  12:53  Zealot  
  89  12:57  Pylon  
  87  12:59  Stalker  
  79  13:08  Zealot  
  79  13:09  Archon  
  79  13:11  Zealot  
  79  13:12  Stalker  
  54  13:20  Dark Templar  
  42  13:27  Adept  
  42  13:30  Sentry, Dark Templar, Zealot, Adept  
  42  13:33  Dark Templar  
  27  13:49  Zealot  
  28  14:00  Stalker  
  30  14:09  Nexus  
  25  14:36  Zealot  
  19  14:42  Probe (Chrono Boost)  
  19  14:57  Nexus  
  18  15:08  Gateway  
Tags
 
Add a new tag
Caveats
  • Supply blocks, unpowered buildings, or Contaminate may cause inaccurate times.
  • Supply counts are checked every 10 seconds.